 Dungeon Crawl Stone Soup version 0.19-a0-1513-gf6d23ed (webtiles) character file.

98 George the Sneak (level 4, 0/23 HPs)
             Began as a Vine Stalker Assassin on Sept 12, 2016.
             Was an Initiate of Okawaru.
             Succumbed to a scorpion's poison
             ... on level 3 of the Dungeon.
             The game lasted 00:05:08 (2538 turns).

George the Sneak (Vine Stalker Assassin)            Turns: 2538, Time: 00:05:09

Health: 0/23       AC:  3    Str: 15    XL:     4   Next: 69%
Magic:  0/5        EV: 12    Int: 11    God:    Okawaru [......]
Gold:   150        SH:  0    Dex: 18    Spells: 0 memorised, 3 levels left

rFire  . . .     SeeInvis .     a - +2 dagger
rCold  . . .     Gourm    .     c - +0 robe
rNeg   . . .     Faith    .     (no shield)
rPois  .         Spirit   +     (no helmet)
rElec  .         Dismiss  .     d - +0 cloak
rCorr  .         Reflect  .     (no gloves)
MR     .....     Harm     .     (no boots)
Stlth  +++.......               (no amulet)
                                (no ring)
                                s - +3 ring of dexterity

@: lethally poisoned (0 -> -2)
A: fangs 2, regeneration 1, magic shield, antimagic bite, no device heal 3, rot
immunity
a: Renounce Religion


You were on level 3 of the Dungeon.
You worshipped Okawaru.
Okawaru was noncommittal.
You were not hungry.

You visited 1 branch of the dungeon, and saw 3 of its levels.

You collected 150 gold pieces.

Inventory:

Hand Weapons
 a - a +2 dagger (weapon)
 b - a +0 blowgun
Missiles
 e - 43 poisoned needles
 f - 2 curare-tipped needles
Armour
 c - a +0 robe (worn)
 d - a +0 cloak (worn)
Jewellery
 s - a +3 ring of dexterity (left hand)
Wands
 r - a wand of random effects (39/48)
Scrolls
 j - a scroll of recharging {unknown}
 k - a scroll of enchant weapon {unknown}
 m - a scroll of identify {unknown}
 o - 2 scrolls of magic mapping {unknown}
 q - a scroll of immolation {unknown}
 t - a scroll of remove curse {unknown}
Potions
 h - a potion of brilliance {unknown}
 n - a potion of heal wounds
 p - 2 potions of curing {unknown}
 v - a potion of might {unknown}
 w - 2 potions of haste {unknown}
Comestibles
 g - 3 bread rations
 i - 2 slices of pizza
 l - 2 meat rations
 u - 2 chunks of flesh


   Skills:
 + Level 2.8 Fighting
 + Level 2.4 Short Blades
 - Level 2.0 Throwing
 + Level 1.7 Dodging
 - Level 5.4 Stealth


You had 3 spell levels left.
You didn't know any spells.

Dungeon Overview and Level Annotations

Branches:
Dungeon (3/15)

Altars:
Okawaru
Vehumet
Xom
Yredelemnul
The Shining One


Innate Abilities, Weirdness & Mutations

You have extremely sharp teeth.
Your natural rate of healing is unusually fast.
When hurt, damage is shared between your health and your magic reserves.
Your bite disrupts and absorbs the magic of your enemies.
Potions and wands cannot restore your health.
You are immune to rotting.


Message History

You feel sick. The scorpion misses you.
You hit the scorpion but do no damage. Your bite misses the scorpion.
The scorpion is almost dead.
You feel sick. The scorpion stings you.
* * * LOW HITPOINT WARNING * * *
You barely miss the scorpion.
The scorpion is almost dead.
* * * LOW HITPOINT WARNING * * *
You feel sick. The scorpion stings you.
You hit the scorpion but do no damage. Your bite misses the scorpion.
The scorpion is almost dead.
The scorpion barely misses you.
You closely miss the scorpion.
You bite the scorpion, but do no damage.
The scorpion is almost dead.
* * * LOW HITPOINT WARNING * * *
You feel sick. The scorpion stings you.
* * * LOW HITPOINT WARNING * * *
It was a potion of heal wounds.
That seemed strangely inert.
You die...

.###.........#
#.##.##.### #.#..# .#
#....# .# #....##.#
#...)...# ##...####
#...##########.##
#......)...@s...#
######...#####..###..#
...........>....###..##
......................>
................##...##
######.................
#...#######.<..##. ##
##...# .......
...##....# ..####.


You could see a scorpion.

Vanquished Creatures
  3 adders
  A worm (D:2)
  2 dart slugs
  A giant gecko (D:1)
  An orc (D:3)
  8 bats
  2 giant cockroaches
  14 goblins
  6 hobgoblins
  4 jackals
  2 ball pythons
  4 giant newts
  5 kobolds
  4 rats
57 creatures vanquished.

Notes
Turn   | Place    | Note
-------+----------+-------------------------------------------
     0 | D:1      | George the Vine Stalker Assassin began the quest for the Orb.
     0 | D:1      | Reached XP level 1. HP: 11/11 MP: 2/2
   115 | D:1      | Reached skill level 1 in Dodging
   228 | D:1      | Reached XP level 2. HP: 15/15 MP: 3/3
   262 | D:1      | Reached skill level 5 in Stealth
   659 | D:1      | Reached XP level 3. HP: 17/18 MP: 4/4
  1651 | D:2      | Found a shimmering altar of Xom.
  1855 | D:2      | Found a glowing golden altar of the Shining One.
  1883 | D:2      | Found a basalt altar of Yredelemnul.
  2024 | D:2      | Gained mutation: Your natural rate of healing is unusually fast. [Vine Stalker growth]
  2024 | D:2      | Reached XP level 4. HP: 16/23 MP: 5/5
  2099 | D:2      | Found an iron altar of Okawaru.
  2122 | D:2      | Became a worshipper of Warmaster Okawaru
  2325 | D:3      | Found a radiant altar of Vehumet.
  2537 | D:3      | HP: 1/23 [scorpion (2)]
  2538 | D:3      | Succumbed to a scorpion's poison

Vault maps used:
D:1:      nicolae_arrival_somewhat_less_tricky_arrival, columned_hall_lemuel,
          minmay_three_crescents
D:2:      minmay_door_path, grunt_temple_overflow_holy_war, xom_butterflies,
          okawaru_metal_pillars_3
D:3:      fiery_altar_vehumet, first_bread

Skill      XL: |  1  2  3  4 |
---------------+-------------+-----
Dodging        | 1 |  1.7
Fighting       | 2 |  2.8
Stealth        | 5 |  5.4
Short Blades   | 2 |  2.4
Throwing       | 2 |  2.0

Action                   |  1- 3 |  4- 6 || total
-------------------------+-------+-------++-------
Melee: Dagger            |   108 |    72 ||   180
       Bite              |    23 |    26 ||    49
  Use: Potion            |       |     1 ||     1
 Stab: Sleeping          |     8 |     2 ||    10
  Eat: Chunk             |     2 |     3 ||     5
Armor: Robe              |    35 |     9 ||    44
Dodge: Dodged            |    84 |    36 ||   120
